 Dungeon Crawl Stone Soup version 0.30-a0-862-g1aabd4f (webtiles) character file.

Game seed: 11113867233578969386

3444 Dorkslayer the Fighter (level 10, -8/91 HPs)
             Began as a Hill Orc Fighter on Mar 7, 2023.
             Was a Follower of Okawaru.
             Mangled by a death yak (11 damage)
             ... on level 8 of the Dungeon on Mar 8, 2023.
             The game lasted 00:27:12 (6627 turns).

Dorkslayer the Fighter (Hill Orc Fighter)           Turns: 6627, Time: 00:27:14

Health: -8/91      AC: 15    Str: 28    XL:     10   Next: 5%
Magic:  10/10      EV:  8    Int:  8    God:    Okawaru [*.....]
Gold:   559        SH:  5    Dex:  9    Spells: 9/9 levels left

rFire   + . .      SeeInvis .    d - +10 sling "Dofeh" {speed, rF+ rC+ rN+ Will++}
rCold   + + .      Faith    +    c - +0 buckler
rNeg    + . .      Spirit   .    r - +0 plate armour
rPois   +          Reflect  .    (no helmet)
rElec   +          Rampage  .    (no cloak)
rCorr   .                        y - +0 pair of gloves
Will    +++..                    m - +0 pair of boots Stlth
                                 C - amulet of faith
HPRegen 0.35/turn                b - ring "Vucidgh" {rElec rPois rC+ Will+ Dex-3}
MPRegen 0.12/turn                s - +6 ring of strength

@: studying Long Blades
A: no striking features
a: Renounce Religion, Heroism


You were on level 8 of the Dungeon.
You worshipped Okawaru.
Okawaru was aware of your devotion.
You visited 2 branches of the dungeon, and saw 9 of its levels.

You collected 559 gold pieces.

Inventory:

Hand Weapons
 a - a +0 war axe
 d - the +10 sling "Dofeh" (weapon) {speed, rF+ rC+ rN+ Will++}
   (You found it on level 8 of the Dungeon)

   rF:        It protects you from fire.
   rC:        It protects you from cold.
   rN:        It protects you from negative energy.
   Will:      It greatly increases your willpower.
 f - a +5 hand axe of venom
 w - a +2 hand axe of distortion
 z - a +0 heavy war axe
Missiles
 x - 6 boomerangs
Armour
 c - a +0 buckler (worn)
 m - a +0 pair of boots (worn)
 r - a +0 plate armour (worn)
 y - a +0 pair of gloves (worn)
Jewellery
 b - the ring "Vucidgh" (left hand) {rElec rPois rC+ Will+ Dex-3}
   (You found it on level 4 of the Dungeon)

   [ring of poison resistance]

   Dex:       It affects your dexterity (-3).
   rC:        It protects you from cold.
   rElec:     It insulates you from electricity.
   rPois:     It protects you from poison.
   Will:      It increases your willpower.
 s - a +6 ring of strength (right hand)
 t - a ring of see invisible
 v - an amulet of magic regeneration
 C - an amulet of faith (around neck)
Wands
 u - a wand of roots (7)
 A - a wand of mindburst (17)
Scrolls
 e - 6 scrolls of fog
 g - a scroll of blinking
 p - 4 scrolls of identify
 B - a scroll of enchant weapon
Potions
 h - 2 potions of attraction
 i - a potion of resistance
 j - 6 potions of lignification
 k - 2 potions of curing
 l - a potion of magic
 n - a potion of brilliance
 o - 2 potions of mutation
 D - a potion of cancellation {unknown}


   Skills:
 * Level 9.1 Fighting
 + Level 6.9 Axes
 * Level 0.0 Ranged Weapons
 + Level 6.3 Armour
 * Level 5.7 Dodging
 + Level 6.4 Shields
 * Level 0.0 Invocations
 * Level 4.7 Evocations


You had 9 spell levels left.
You didn't know any spells.
Your spell library contained the following spells:

 Spells                   Type           Power      Damage    Failure   Level
 Blink                    Tloc           0%         N/A       100%        2
 Sublimation of Blood     Necr           0%         N/A       100%        2
 Wereblood                Tmut           0%         N/A       100%        2
 Stone Arrow              Conj/Erth      0%         3d7       100%        3
 Manifold Assault         Tloc           0%         N/A       100%        4
 Petrify                  Tmut/Erth      0%         N/A       100%        4
 Blade Hands              Tmut           0%         N/A       100%        5
 Irradiate                Conj/Tmut      0%         3d11      100%        5
 Iron Shot                Conj/Erth      0%         9d1       100%        6
 Storm Form               Tmut/Air       0%         N/A       100%        7
 Lehudib's Crystal Spear  Conj/Erth      0%         10d2      100%        8
 Animate Armour           Summ/Erth      Unusable   N/A       N/A         4
 Summon Hydra             Summ           Unusable   N/A       N/A         7

Dungeon Overview and Level Annotations

Branches:
Dungeon (8/15)             Temple (1/1) D:5            Lair (0/5) D:8

Altars:
Ashenzari
Dithmenos
Elyvilon
Hepliaklqana
Kikubaaqudgha
Makhleb
Nemelex Xobeh
Okawaru
Qazlal
Ru
Sif Muna
Trog
Uskayaw
Vehumet
Wu Jian
Xom
Yredelemnul
Zin
The Shining One


Message History

You flicker for a moment.
There is an escape hatch in the ceiling here.
You see here an orange potion.
You flicker back into view.
You shoot a sling bullet.
The sling bullet completely misses the death yak.
The death yak completely misses you. The death yak gores you.
* * * LOW HITPOINT WARNING * * *
You shoot a sling bullet. The sling bullet hits the death yak!
The death yak is moderately wounded.
The death yak gores you!
* * * LOW HITPOINT WARNING * * *
You shoot a sling bullet.
The sling bullet barely misses the death yak.
The sling bullet barely misses the rat.
The sling bullet hits the sleepcap!
The sleepcap is moderately damaged.
The death yak completely misses you.
You shoot a sling bullet. The sling bullet hits the death yak.
The death yak is heavily wounded.
You block the death yak's attack.
You shoot a sling bullet. The sling bullet hits the death yak!
The death yak is heavily wounded.
The death yak barely misses you.
The death yak gores you but does no damage.
You shoot a sling bullet. The sling bullet hits the death yak.
The death yak is heavily wounded.
The death yak gores you.
* * * LOW HITPOINT WARNING * * *
You shoot a sling bullet. The sling bullet hits the death yak!
The death yak is heavily wounded.
The death yak looks more healthy.
The death yak gores you but does no damage.
You shoot a sling bullet.
The sling bullet barely misses the death yak. x2
The sling bullet hits the sleepcap.
The sleepcap is moderately damaged.
The death yak gores you!
* * * LOW HITPOINT WARNING * * *
The death yak gores you!
You die...

r.#............#........#.###...#
#..............# ... .#..##...#
#...##.......###.... ....#....#
##..#......Y........ ......#..#
.#.....(......##.#. ......#..#
.............<## ......#...
...?.......rrr# ....##......
.............rY####.....# #.....#
.............fYY@....#... ##....#
.............####..###....#....##
$ ..#......# ...# #........#
#(...... ..## ...#....## #......
### ## ###.### #.... ##8# #...#
##.#####8... #...† ..#.##....
#####... ####.#.#_.... ...#.^†


You could see 3 death yaks, a sleepcap, a river rat and 2 rats.

Vanquished Creatures
  A gargoyle (D:8)
  Maggie (D:7)
  Sigmund (D:3)
  Menkaure (D:5)
  2 water moccasins
  An orc warrior (D:7)
  An ice beast (D:6)
  A sky beast (D:6)
  A black bear (D:8)
  2 ogres
  3 centaurs
  Blork the orc (D:5)
  3 bullfrogs
  4 scorpions
  5 killer bees (D:8)
  3 orc priests
  6 hounds
  Jessica (D:2)
  A gnoll bouda (D:5)
  2 iguanas
  2 sleepcaps (D:6)
  Terence (D:2)
  4 orc wizards
  Natasha (thrice) (D:3)
  5 gnolls (D:5)
  6 adders
  A shadow imp (D:6)
  5 white imps
  2 worms
  2 dart slugs
  32 orcs
  6 ball pythons (D:2)
  7 bats
  9 endoplasms
  6 giant cockroaches
  7 goblins
  5 hobgoblins
  6 jackals
  A quokka (D:1)
  4 frilled lizards
  7 kobolds
  3 rats
165 creatures vanquished.

Vanquished Creatures (others)
  A fungus (D:1)
  2 plants (D:1)
3 creatures vanquished.

Grand Total: 168 creatures vanquished

Notes
Turn   | Place    | Note
-------+----------+-------------------------------------------
     0 | D:1      | Dorkslayer the Hill Orc Fighter began the quest for the
                  | Orb.
     0 | D:1      | Reached XP level 1. HP: 19/19 MP: 1/1
    31 | D:1      | Reached XP level 2. HP: 25/27 MP: 2/2
    72 | D:1      | You fall into a shaft and drop 1 floor!
   102 | D:2      | Reached skill level 4 in Fighting
   107 | D:2      | HP: 1/27 [worm (5)]
   109 | D:2      | Reached XP level 3. HP: 1/33 MP: 3/3
   116 | D:1      | HP: 1/33 [frozen (2)]
   118 | D:1      | Reached skill level 1 in Dodging
   631 | D:1      | Found a faded altar of an unknown god.
   900 | D:2      | Reached XP level 4. HP: 38/40 MP: 4/4
   945 | D:2      | Noticed Terence
   952 | D:2      | Killed Terence
  1191 | D:2      | Noticed Jessica
  1197 | D:2      | Killed Jessica
  1198 | D:2      | Reached XP level 5. HP: 45/47 MP: 5/5
  1418 | D:3      | Found a sacrificial altar of Ru.
  1506 | D:3      | Noticed Natasha
  1511 | D:3      | Killed Natasha
  1614 | D:3      | Noticed Natasha
  1626 | D:3      | Killed Natasha
  1730 | D:3      | Noticed Natasha
  1741 | D:3      | Killed Natasha
  1872 | D:3      | Found a glowing golden altar of the Shining One.
  1937 | D:3      | Reached skill level 5 in Fighting
  1937 | D:3      | Reached XP level 6. HP: 56/56 MP: 6/6
  2251 | D:3      | Noticed Sigmund
  2259 | D:3      | Killed Sigmund
  2411 | D:4      | Reached XP level 7. HP: 62/62 MP: 7/7
  2767 | D:4      | Reached skill level 6 in Fighting
  2940 | D:4      | Upgraded the game from 0.30-a0-860-g512cf1e to
                  | 0.30-a0-862-g1aabd4f
  3016 | D:4      | Identified the ring "Vucidgh" {rElec rPois rC+ Will+ Dex-3}
  3021 | D:5      | Entered Level 5 of the Dungeon
  3178 | D:5      | Noticed Blork the orc
  3191 | D:5      | Killed Blork the orc
  3192 | D:5      | Reached skill level 5 in Shields
  3192 | D:5      | Reached XP level 8. HP: 71/71 MP: 8/8
  3202 | D:5      | Reached skill level 5 in Axes
  3369 | D:5      | Found a staircase to the Ecumenical Temple.
  3414 | Temple   | Entered the Ecumenical Temple
  3600 | D:5      | Noticed Menkaure
  3622 | D:5      | Killed Menkaure
  3623 | D:5      | Reached skill level 5 in Armour
  3794 | D:5      | Found a stormy altar of Qazlal.
  3895 | D:6      | Reached skill level 7 in Fighting
  3895 | D:6      | Reached skill level 1 in Evocations
  4257 | D:6      | Found a glowing silver altar of Zin.
  4541 | D:6      | Reached XP level 9. HP: 72/80 MP: 9/9
  4919 | D:7      | Reached skill level 8 in Fighting
  4988 | D:7      | Noticed Maggie
  4999 | D:7      | Killed Maggie
  5000 | D:7      | Reached skill level 5 in Dodging
  5568 | Temple   | Became a worshipper of Warmaster Okawaru
  6071 | D:8      | Noticed a gargoyle
  6095 | D:8      | Killed a gargoyle
  6095 | D:8      | Reached * piety under Okawaru
  6104 | D:8      | Found a hide-covered altar of Uskayaw.
  6124 | D:8      | Identified the +10 sling "Dofeh" {speed, rF+ rC+ rN+
                  | Will++}
  6475 | D:8      | Reached skill level 9 in Fighting
  6475 | D:8      | Reached XP level 10. HP: 87/91 MP: 10/10
  6583 | D:8      | Noticed a death yak
  6584 | D:8      | Noticed a death yak
  6586 | D:8      | Found a staircase to the Lair.
  6586 | D:8      | Noticed a death yak
  6627 | D:8      | HP: 3/91 [death yak (13)]
  6627 | D:8      | Mangled by a death yak

Illustrated notes

Levels and vault maps discovered:
D:1:      wander_arrival_peaceful_grave, layout_basic,
          shapermc_ecumenical_altar_hornbeckon
D:2:      layout_basic, nicolae_underground_beach, uniq_jessica, uniq_terence
D:3:      layout_loops_ring, mainiacjoe_overflow_alcove_4,
          overflow_temple_1_default, amcnicky_mini_corridor_feature,
          uniq_sigmund, uniq_natasha
D:4:      layout_rooms
D:5:      layout_basic, nicolae_qazlal_eye_of_the_storm,
          minmay_temple_entry_junction, uniq_menkaure, uniq_blork_the_orc
D:6:      layout_basic, lemuel_round_altar
D:7:      layout_layer_cave, kennysheep_generic_room_11, uniq_maggie
D:8:      layout_cave_pools, nicolae_overflow_hidden_temple, dpeg_lair_monsters,
          chequers_serial_rivers_micro_c, minmay_manual_mares
Temple:   nicolae_temple_bog_church

Skill      XL: |  1  2  3  4  5  6  7  8  9 |
---------------+----------------------------+-----
Fighting       | 4 5 6 7 9 |  9.1
Axes           | 3 4 5 6 |  6.9
Dodging        | 1 2 3 4 5 |  5.7
Shields        | 4 5 6 |  6.4
Armour         | 4 5 6 |  6.3
Evocations     | 2 4 |  4.7

Action                     |  1- 3 |  4- 6 |  7- 9 | 10-12 || total
---------------------------+-------+-------+-------+-------++-------
  Melee: War axe           |   102 |    93 |       |       ||   195
         Hand axe          |       |    18 |   260 |     6 ||   284
   Fire: Sling             |       |       |       |    19 ||    19
  Throw: Boomerang         |       |       |     3 |       ||     3
  Evoke: Wand              |       |       |     3 |       ||     3
    Use: Scroll            |       |     8 |     7 |     1 ||    16
         Potion            |       |     1 |     5 |     2 ||     8
   Stab: Invisible         |       |       |     4 |       ||     4
 Armour: Scale mail        |    44 |    54 |     8 |       ||   106
         Plate armour      |       |       |   123 |    11 ||   134
  Dodge: Dodged            |    68 |    72 |   100 |     8 ||   248
  Block: Buckler           |    28 |    26 |    66 |     3 ||   123

Table legend: (Time is in decaauts)
 A = Elapsed time spent in this place.
 B = Non-inter-level travel time spent in this place.
 C = Inter-level travel time spent in this place.
 D = Time resting spent in this place.
 E = Time spent auto-exploring this place.
 F = Levels seen in this place.
 G = Mean time per level.
                   A        B        C        D        E       F      G
               +--------+--------+--------+--------+--------+-----+--------+
         Total |   6769 |   6655 |    114 |    312 |   2608 |   9 |  752.1 |
       Dungeon |   6573 |   6469 |    104 |    312 |   2608 |   8 |  821.6 |
        Temple |    195 |    185 |     10 |      0 |      0 |   1 |  195.0 |
               +--------+--------+--------+--------+--------+-----+--------+

Top non-repeatable levels by time:
     D:7: 1261 daAuts
     D:3: 1042 daAuts
     D:6: 897 daAuts
     D:2: 760 daAuts
     D:5: 732 daAuts
     D:1: 687 daAuts
     D:4: 630 daAuts
     D:8: 561 daAuts
  Temple: 195 daAuts
